MWL (24 & UNDER)
BEMIDJI BENDERS @ CINCINNATI PRIDE
07/05/2023
 
TOP OF THE 1ST
Bemidji Benders batting - Pitching for Cincinnati Pride : RHP Richard Edwards
Pitching: RHP Richard Edwards
Batting: RHB António López 0-0: Called Strike
0-1: Called Strike
0-2: TRIPLE (Line Drive, 3L)
Batting: RHB Gabriel Stout 0-0: Called Strike
0-1: Ball
1-1: Called Strike
1-2: Strikes out swinging
Batting: SHB Edgardo Osorio 0-0: Swinging Strike
0-1: Called Strike
0-2: Foul Ball, location: 2F
0-2: Strikes out swinging
Batting: RHB Alfredo López 0-0: Called Strike
0-1: Swinging Strike
0-2: Ball
1-2: Strikes out swinging
Top of the 1st over - 0 run(s), 1 hit(s), 0 error(s), 1 left on base; Bemidji 0 - Cincinnati 0
BOTTOM OF THE 1ST
Cincinnati Pride batting - Pitching for Bemidji Benders : LHP David Taylor
Pitching: LHP David Taylor
Batting: RHB Peter Sexton 0-0: Ball
1-0: Foul Ball, location: 2F
1-1: Fly out, F8 (Line Drive, 8RM)
Batting: RHB Roger Clay 0-0: Ball
1-0: Ground out 5-3 (Groundball, 5)
Batting: RHB Fernando Díaz 0-0: Foul Ball, location: 2F
0-1: Called Strike
0-2: Ball
1-2: Foul Ball, location: 2F
1-2: Foul Ball, location: 2F
1-2: Ball
2-2: Foul Ball, location: 2F
2-2: Foul Ball, location: 2F
2-2: Ball
3-2: Foul Ball, location: 2F
3-2: Foul Ball, location: 2F
3-2: Foul Ball, location: 2F
3-2: Base on Balls
Batting: RHB Francisco Rincón 0-0: Swinging Strike
0-1: Ball
1-1: Foul Ball, location: 2F
1-2: Fly out, F5 (Popup, 5F)
Bottom of the 1st over - 0 run(s), 0 hit(s), 0 error(s), 1 left on base; Bemidji 0 - Cincinnati 0
TOP OF THE 2ND
Bemidji Benders batting - Pitching for Cincinnati Pride : RHP Richard Edwards
Batting: RHB Juan Costello 0-0: Swinging Strike
0-1: Swinging Strike
0-2: Ball
1-2: Foul Ball, location: 2F
1-2: Foul Ball, location: 2F
1-2: Strikes out swinging
Batting: RHB Claudio Souza 0-0: Foul Ball, location: 2F
0-1: Called Strike
0-2: Ball
1-2: Foul Ball, location: 2F
1-2: Strikes out swinging
Batting: RHB António Aguilar 0-0: Foul Ball, location: 2F
0-1: Ball
1-1: Swinging Strike
1-2: Strikes out swinging
Top of the 2nd over - 0 run(s), 0 hit(s), 0 error(s), 0 left on base; Bemidji 0 - Cincinnati 0
BOTTOM OF THE 2ND
Cincinnati Pride batting - Pitching for Bemidji Benders : LHP David Taylor
Batting: RHB Jonas Uttley 0-0: Fly out, F9 (Flyball, 89D)
Batting: RHB Richard Case 0-0: Foul Ball, location: 2F
0-1: Bunt missed!
0-2: Fly out, F9 (Flyball, 9LM)
Batting: RHB Leonardo Pinto 0-0: Called Strike
0-1: Foul Ball, location: 2F
0-2: Strikes out looking
Bottom of the 2nd over - 0 run(s), 0 hit(s), 0 error(s), 0 left on base; Bemidji 0 - Cincinnati 0
TOP OF THE 3RD
Bemidji Benders batting - Pitching for Cincinnati Pride : RHP Richard Edwards
Batting: RHB Jeff Lloyd 0-0: Called Strike
0-1: Ball
1-1: Ball
2-1: Ball
3-1: Base on Balls
Batting: RHB Javier Hernández 0-0: Ball
Wild Pitch!
Jeff Lloyd to second
1-0: Ball
2-0: Foul Ball, location: 2F
2-1: Swinging Strike
2-2: Strikes out looking
Batting: RHB António López 0-0: Ball
1-0: Foul Ball, location: 2F
1-1: Ball
2-1: Ball
3-1: Called Strike
3-2: Foul Ball, location: 2F
3-2: Foul Ball, location: 2F
3-2: Strikes out swinging
Batting: RHB Gabriel Stout 0-0: Ball
1-0: Ball
2-0: Called Strike
2-1: Fly out, F9 (Flyball, 9M)
Top of the 3rd over - 0 run(s), 0 hit(s), 0 error(s), 1 left on base; Bemidji 0 - Cincinnati 0
BOTTOM OF THE 3RD
Cincinnati Pride batting - Pitching for Bemidji Benders : LHP David Taylor
Batting: RHB Alden Isenhood 0-0: Called Strike
0-1: Ball
1-1: Called Strike
1-2: Foul Ball, location: 2F
1-2: Foul Ball, location: 2F
1-2: Foul Ball, location: 2F
1-2: Ball
2-2: Strikes out swinging
Batting: SHB Larry Peterson 0-0: Called Strike
0-1: Called Strike
0-2: Strikes out swinging
Batting: RHB Peter Sexton 0-0: Ball
1-0: Ball
2-0: Called Strike
2-1: Fly out, F3 (Popup, 3F)
Bottom of the 3rd over - 0 run(s), 0 hit(s), 0 error(s), 0 left on base; Bemidji 0 - Cincinnati 0
TOP OF THE 4TH
Bemidji Benders batting - Pitching for Cincinnati Pride : RHP Richard Edwards
Batting: SHB Edgardo Osorio 0-0: Ball
1-0: Called Strike
1-1: Ball
2-1: Swinging Strike
2-2: Strikes out looking
Batting: RHB Alfredo López 0-0: Called Strike
0-1: Swinging Strike
0-2: Ball
1-2: Strikes out looking
Batting: RHB Juan Costello 0-0: Called Strike
0-1: Foul Ball, location: 2F
0-2: Ball
1-2: Strikes out looking
Top of the 4th over - 0 run(s), 0 hit(s), 0 error(s), 0 left on base; Bemidji 0 - Cincinnati 0
BOTTOM OF THE 4TH
Cincinnati Pride batting - Pitching for Bemidji Benders : LHP David Taylor
Batting: RHB Roger Clay 0-0: Ball
1-0: Foul Ball, location: 2F
1-1: Foul Ball, location: 2F
1-2: Foul Ball, location: 2F
1-2: Ground out 6-3 (Groundball, 6M)
Batting: RHB Fernando Díaz 0-0: Ball
1-0: Swinging Strike
1-1: Swinging Strike
1-2: Fly out, F7 (Line Drive, 7LM)
Batting: RHB Francisco Rincón 0-0: SINGLE (Line Drive, 6MD)
Batting: RHB Jonas Uttley 0-0: Ground out 2-3 (Groundball, 2R)
Bottom of the 4th over - 0 run(s), 1 hit(s), 0 error(s), 1 left on base; Bemidji 0 - Cincinnati 0
TOP OF THE 5TH
Bemidji Benders batting - Pitching for Cincinnati Pride : RHP Richard Edwards
Batting: RHB Claudio Souza 0-0: Fly out, F8 (Flyball, 89M)
Batting: RHB António Aguilar 0-0: Ball
1-0: Swinging Strike
1-1: Foul Ball, location: 2F
1-2: Ball
2-2: Strikes out swinging
Batting: RHB Jeff Lloyd 0-0: Called Strike
0-1: Ball
1-1: Called Strike
1-2: Ball
2-2: Foul Ball, location: 2F
2-2: Strikes out swinging
Top of the 5th over - 0 run(s), 0 hit(s), 0 error(s), 0 left on base; Bemidji 0 - Cincinnati 0
BOTTOM OF THE 5TH
Cincinnati Pride batting - Pitching for Bemidji Benders : LHP David Taylor
Batting: RHB Richard Case 0-0: Ball
1-0: Swinging Strike
1-1: Ball
2-1: Swinging Strike
2-2: Strikes out swinging
Batting: RHB Leonardo Pinto 0-0: Foul Ball, location: 2F
0-1: Ball
1-1: Ball
2-1: Ball
3-1: Base on Balls
Batting: RHB Alden Isenhood 0-0: Ball
1-0: Ball
2-0: Foul Ball, location: 2F
2-1: Swinging Strike
2-2: Foul Ball, location: 2F
2-2: Strikes out looking
Batting: SHB Larry Peterson 0-0: Ball
Leonardo Pinto is caught stealing 2nd base
Bottom of the 5th over - 0 run(s), 0 hit(s), 0 error(s), 0 left on base; Bemidji 0 - Cincinnati 0
TOP OF THE 6TH
Bemidji Benders batting - Pitching for Cincinnati Pride : RHP Richard Edwards
Batting: RHB Javier Hernández 0-0: Called Strike
0-1: Called Strike
0-2: Ball
1-2: Foul Ball, location: 2F
1-2: Strikes out swinging
Batting: RHB António López 0-0: Hit by Pitch
Batting: RHB Gabriel Stout 0-0: Ball
1-0: Called Strike
1-1: Ball
2-1: SINGLE (Groundball, 5)
António López to second
Pitching: LHP Joseph Byrne
Batting: SHB Edgardo Osorio 0-0: TRIPLE (Flyball, 9LM)
António López scores
Gabriel Stout scores
Batting: RHB Alfredo López 0-0: Ball
Steal of home, Edgardo Osorio is safe
1-0: DOUBLE (Flyball, 7LD)
Batting: RHB Juan Costello 0-0: Foul Ball, location: 2F
0-1: DOUBLE (Groundball, 5L)
Alfredo López scores
Batting: RHB Claudio Souza 0-0: Swinging Strike
0-1: Swinging Strike
0-2: Strikes out swinging
Batting: RHB António Aguilar 0-0: Called Strike
0-1: Foul Ball, location: 2F
0-2: Foul Ball, location: 2F
0-2: Strikes out looking
Top of the 6th over - 4 run(s), 4 hit(s), 0 error(s), 1 left on base; Bemidji 4 - Cincinnati 0
BOTTOM OF THE 6TH
Cincinnati Pride batting - Pitching for Bemidji Benders : LHP David Taylor
Batting: SHB Larry Peterson 0-0: Ball
1-0: Foul Ball, location: 2F
1-1: Ball
2-1: Swinging Strike
2-2: SINGLE (Groundball, 4MD)
Batting: RHB Peter Sexton 0-0: Called Strike
0-1: Foul Ball, location: 2F
0-2: Foul Ball, location: 2F
0-2: Ball
1-2: Fly out, F8 (Flyball, 8RM)
Batting: RHB Roger Clay 0-0: Swinging Strike
0-1: Ground out 5-3 (Groundball, 15S)
Larry Peterson to second
Batting: RHB Fernando Díaz 0-0: Ball
1-0: Called Strike
1-1: Ball
2-1: Ball
3-1: Foul Ball, location: 2F
3-2: Foul Ball, location: 2F
3-2: Ground out 4-3 (Groundball, 4)
Bottom of the 6th over - 0 run(s), 1 hit(s), 0 error(s), 1 left on base; Bemidji 4 - Cincinnati 0
TOP OF THE 7TH
Bemidji Benders batting - Pitching for Cincinnati Pride : LHP Joseph Byrne
Batting: RHB Jeff Lloyd 0-0: Ball
1-0: Ball
2-0: Ground out 6-3 (Groundball, 6)
Batting: RHB Javier Hernández 0-0: Ball
1-0: Ground out 6-3 (Groundball, 6M)
Batting: RHB António López 0-0: Ball
1-0: DOUBLE (Popup, 4MD)
Batting: RHB Gabriel Stout 0-0: SINGLE (Flyball, 9LS)
António López to third
Runner from 3rd tries for Home, SAFE, no throw or cutoff
Pitching: RHP Fernando Silva
Batting: SHB Edgardo Osorio 0-0: Called Strike
0-1: Ball
1-1: Ball
2-1: Foul Ball, location: 2F
2-2: Ball
3-2: Foul Ball, location: 2F
3-2: Base on Balls
Gabriel Stout to second
Batting: RHB Alfredo López 0-0: Ball
1-0: Ball
2-0: Ball
3-0: Called Strike
3-1: Called Strike
3-2: Ground out 5-3 (Groundball, 56S)
Top of the 7th over - 1 run(s), 2 hit(s), 0 error(s), 2 left on base; Bemidji 5 - Cincinnati 0
BOTTOM OF THE 7TH
Cincinnati Pride batting - Pitching for Bemidji Benders : LHP David Taylor
Pitching: LHP José Escalona
Batting: RHB Francisco Rincón 0-0: Ball
1-0: Called Strike
1-1: Ball
2-1: Called Strike
2-2: Ball
3-2: SINGLE (Groundball, 56D)
Batting: RHB Jonas Uttley 0-0: Ball
1-0: Called Strike
1-1: Ball
2-1: Called Strike
2-2: Foul Ball, location: 2F
2-2: Ball
3-2: Base on Balls
Francisco Rincón to second
Batting: RHB Richard Case 0-0: 3-RUN HOME RUN (Line Drive, 78XD), Distance : 422 ft
Pitching: RHP José Ramírez
Batting: RHB Leonardo Pinto 0-0: Fly out, F9 (Flyball, 9LS)
Batting: RHB Alden Isenhood 0-0: Ball
1-0: Fly out, F8 (Flyball, 8LS)
Batting: SHB Larry Peterson 0-0: Ball
1-0: Foul Ball, location: 2F
1-1: Foul Ball, location: 2F
1-2: Foul Ball, location: 2F
1-2: Strikes out swinging
Bottom of the 7th over - 3 run(s), 2 hit(s), 0 error(s), 0 left on base; Bemidji 5 - Cincinnati 3
TOP OF THE 8TH
Bemidji Benders batting - Pitching for Cincinnati Pride : RHP Fernando Silva
Batting: RHB Juan Costello 0-0: Ball
1-0: Ball
2-0: Fly out, F9 (Flyball, 89D)
Batting: RHB Claudio Souza 0-0: Ground out 5-3 (Groundball, 15S)
Batting: RHB António Aguilar 0-0: Ball
1-0: Foul Ball, location: 2F
1-1: Called Strike
1-2: Fly out, F3 (Popup, 3SF)
Top of the 8th over - 0 run(s), 0 hit(s), 0 error(s), 0 left on base; Bemidji 5 - Cincinnati 3
BOTTOM OF THE 8TH
Cincinnati Pride batting - Pitching for Bemidji Benders : RHP José Ramírez
Batting: RHB Peter Sexton 0-0: Ball
1-0: Called Strike
1-1: Ball
2-1: Ball
3-1: Base on Balls
Pitching: RHP Brock Brown
Batting: RHB Roger Clay 0-0: Called Strike
0-1: Swinging Strike
0-2: Strikes out swinging
Batting: RHB Fernando Díaz 0-0: Called Strike
0-1: Ball
1-1: Ball
2-1: Grounds into double play, 6-4-3 (Groundball, 6)
Bottom of the 8th over - 0 run(s), 0 hit(s), 0 error(s), 0 left on base; Bemidji 5 - Cincinnati 3
TOP OF THE 9TH
Bemidji Benders batting - Pitching for Cincinnati Pride : RHP Fernando Silva
Batting: RHB Jeff Lloyd 0-0: Swinging Strike
0-1: SINGLE (Flyball, 8LM)
Batting: RHB Javier Hernández 0-0: Bunt missed!
0-1: Ball
1-1: Bunted foul
1-2: Ball
2-2: Ball
3-2: Base on Balls
Jeff Lloyd to second
Batting: RHB António López 0-0: Ball
1-0: Foul Ball, location: 2F
1-1: Grounds into double play, 6-4-3 (Groundball, 6)
Jeff Lloyd to third
Batting: RHB Gabriel Stout 0-0: Called Strike
0-1: Ball
1-1: Foul Ball, location: 2F
1-2: Foul Ball, location: 2F
1-2: Foul Ball, location: 2F
1-2: Strikes out swinging
Top of the 9th over - 0 run(s), 1 hit(s), 0 error(s), 1 left on base; Bemidji 5 - Cincinnati 3
BOTTOM OF THE 9TH
Cincinnati Pride batting - Pitching for Bemidji Benders : RHP Brock Brown
Pitching: LHP António Martínez
Batting: RHB Francisco Rincón 0-0: Foul Ball, location: 2F
0-1: Called Strike
0-2: Ball
1-2: Strikes out swinging
Batting: RHB Jonas Uttley 0-0: Ball
1-0: Ball
2-0: Swinging Strike
2-1: Foul Ball, location: 2F
2-2: Strikes out swinging
Batting: RHB Richard Case 0-0: Ball
1-0: Ball
2-0: Ball
3-0: Called Strike
3-1: Called Strike
3-2: Foul Ball, location: 2F
3-2: Strikes out swinging
Bottom of the 9th over - 0 run(s), 0 hit(s), 0 error(s), 0 left on base; Bemidji 5 - Cincinnati 3
This league is powered by Out of the Park Baseball, the baseball management simulation game for PC, Mac and Linux
Wednesday, December 2nd, 2015 - OOTP Baseball 16.8 Build 38